Selects Special Operations Battlegroup
Selects M29 Weasel Recon Vehicle
Construct Weapon Support Center
M3 Armored Personnel Carrier
M3 Armored Personnel Carrier
M3 Armored Personnel Carrier
Selects SSF Commando Squad
M3 Armored Personnel Carrier
Improved M9 Bazooka Rockets
Selects P-47 Anti-Infantry Loiter
Selects UNKNOWN (2162291)
Construct Medical Station
Selects Air Re-supply Operation
P-47 Anti-Infantry Loiter
P-47 Anti-Infantry Loiter